 Dungeon Crawl Stone Soup version 0.27.1-33-g824d729ab1 (webtiles) character file.

Game seed: 12448712240198906255

1918 Fortus the Carver (level 8, 0/52 HPs)
             Began as a Demonspawn Fighter on Dec 12, 2021.
             Was a Priest of Hepliaklqana.
             Slain by a yak (8 damage)
             ... on level 6 of the Dungeon.
             The game lasted 00:18:04 (5201 turns).

Fortus the Carver (Demonspawn Fighter)              Turns: 5201, Time: 00:18:07

Health: 0/52       AC: 14    Str: 18    XL:     8   Next: 95%
Magic:  8/8        EV:  8    Int: 10    God:    Hepliaklqana [***...]
Gold:   309        SH: 10    Dex: 19    Spells: 7/7 levels left

rFire    + . .     SeeInvis .   a - +0 long sword
rCold    . . .     Faith    .   c - +0 kite shield
rNeg     . . .     Spirit   .   i - +0 plate armour
rPois    .         Reflect  .   h - +2 helmet
rElec    .         Harm     .   (no cloak)
rCorr    .         Rampage  .   (no gloves)
Will     .....                  (no boots)
Stlth    ..........             (no amulet)
HPRegen  0.17/turn              o - ring of protection from fire
MPRegen  0.11/turn              A - +6 ring of dexterity

@: agile
A: reduced essence, claws 1, powered by pain 2
a: Renounce Religion, Recall Ancestor, Ancestor Identity, Transference


You were on level 6 of the Dungeon.
You worshipped Hepliaklqana.
Hepliaklqana was most pleased with you.
You visited 1 branch of the dungeon, and saw 7 of its levels.

You collected 309 gold pieces.

Inventory:

Hand Weapons
 a - a +0 long sword (weapon)
Armour
 b - a +0 scale mail
 c - a +0 kite shield (worn)
 h - a +2 helmet (worn)
 i - a +0 plate armour (worn)
Jewellery
 o - a ring of protection from fire (left claw)
 p - a ring of magical power
 y - a ring of protection from fire
 A - a +6 ring of dexterity (right claw)
Wands
 r - a wand of iceblast (5)
 x - a wand of polymorph (2)
 z - a wand of digging (5)
Scrolls
 e - a scroll of amnesia
 f - a scroll of teleportation
 g - 2 scrolls of immolation
 j - a scroll of magic mapping {unknown}
 n - a scroll of holy word {unknown}
 q - 2 scrolls of identify {unknown}
 s - a scroll of enchant weapon {unknown}
 u - 2 scrolls of vulnerability {unknown}
Potions
 d - 3 potions of might
 k - 2 potions of attraction {unknown}
 l - a potion of brilliance {unknown}
 m - a potion of cancellation {unknown}
 t - a potion of haste
 v - 2 potions of flight {unknown}
 w - a potion of heal wounds {unknown}


   Skills:
 - Level 3.0 Fighting
 - Level 10.3 Long Blades
 + Level 3.1 Armour
 * Level 3.7 Shields


You had 7 spell levels left.
You didn't know any spells.
Your spell library contained the following spells:

 Spells                   Type           Power      Damage    Failure   Level
 Ozocubu's Armour         Ice            0%         N/A       100%        3
 Ozocubu's Refrigeration  Ice            0%         4d5       100%        7


Dungeon Overview and Level Annotations

Branches:
Dungeon (7/15)             Temple (0/1) D:4

Altars:
Hepliaklqana
Makhleb
Ru
Trog

Shops:
D:3 :


Innate Abilities, Weirdness & Mutations

Your life essence is reduced to manifest your ancestor. (-10% HP)
You have sharp fingernails.
You sometimes gain power by taking damage.


Message History

The puff of frost hits the yak!
The yak dies!
Your Armour skill increases to level 3!
Yayatum gestures at the yak while chanting.
The puff of frost misses the yak.
The yak gores you but does no damage.
You see here a yak corpse.
You hit the yak.
The yak is lightly wounded.
The yak gores you!
Yayatum gestures at the yak while chanting.
The puff of frost hits the yak.
You slash the yak!
The yak is moderately wounded.
The yak gores you!
You focus on the pain.
You feel agile all of a sudden.
Yayatum gestures at the yak while chanting.
The puff of frost hits the yak!
The yak gores you.
You hit the yak.
The yak is severely wounded.
You block the yak's attack.
You hit the yak.
The yak is severely wounded.
The yak gores you but does no damage.
You hit the yak.
The yak is almost dead.
You block the yak's attack.
You closely miss the yak.
The yak is almost dead.
The yak gores you!
* * * LOW HITPOINT WARNING * * *
You hit the yak.
The yak is almost dead.
The yak gores you but does no damage.
You completely miss the yak.
The yak is almost dead.
The yak gores you!
* * * LOW HITPOINT WARNING * * *
A yak comes into view.
The yak gores you!
You die...

#.##....#.##.#.# #....#
#.##....#.##.#.# #....#
#.##....#.##.#.# #....#
#.##....#....#.# #....#
#.##....######.###....#
#.....................#
##############........#
#.....#####.....>..#
#.....Y@R..........#
#.....##############
#...Y.# #.......Y.Y.Y
#......################
#......###.>..........
#......#....####....###
#......#.#...###......#
####+#.# ##....#....#.#


You could see the friendly Yayatum the battlemage and 2 yaks.

Vanquished Creatures
  Sigmund (D:4)
  A centaur (D:5)
  A scorpion (D:4)
  Natasha (twice) (D:4)
  An iguana (D:4)
  A hound skeleton (D:4)
  3 gnolls (D:2)
  2 dart slugs (D:1)
  9 orcs
  5 ball pythons
  A bat (D:1)
  4 endoplasms
  4 giant cockroaches
  12 goblins
  4 hobgoblins
  4 kobolds
  A quokka (D:1)
  3 frilled lizards
  5 rats
  A spectral hobgoblin (D:1)
65 creatures vanquished.

Vanquished Creatures (collateral kills)
  Grinder (D:4)
  4 yaks
  An ogre (D:4)
  A necrophage (D:5)
  A scorpion (D:5)
  2 howler monkeys
  A centaur skeleton (D:6)
  A hound (D:4)
  A jelly (D:4)
  2 orc priests (D:3)
  Ijyb (D:3)
  2 orc wizards (D:4)
  Natasha (D:4)
  A hound skeleton (D:5)
  Robin (D:4)
  4 gnolls (D:3)
  An adder (D:3)
  A worm (D:4)
  9 orcs
  2 endoplasms
  13 goblins (D:4)
  6 hobgoblins
  2 bats
  3 frilled lizards
  A kobold (D:4)
  2 rats
65 creatures vanquished.

Vanquished Creatures (others)
  3 battlemagi
3 creatures vanquished.

Grand Total: 133 creatures vanquished

Notes
Turn   | Place    | Note
-------+----------+-------------------------------------------
     0 | D:1      | Fortus the Demonspawn Fighter began the quest for the Orb.
     0 | D:1      | Reached XP level 1. HP: 18/18 MP: 1/1
    35 | D:1      | Reached skill level 2 in Long Blades
   104 | D:1      | Found a faded altar of an unknown god.
   113 | D:1      | Became a worshipper of Hepliaklqana the Forgotten
   113 | D:1      | Reached * piety under Hepliaklqana
   264 | D:1      | Gained mutation: You sometimes gain a little power by
                  | taking damage. [demonic ancestry]
   264 | D:1      | Reached XP level 2. HP: 21/21 MP: 2/2
   924 | D:2      | Gained mutation: You have sharp fingernails. [demonic
                  | ancestry]
   924 | D:2      | Reached XP level 3. HP: 20/26 MP: 3/3
  1059 | D:2      | Reached skill level 3 in Long Blades
  1235 | D:2      | Reached ** piety under Hepliaklqana
  1525 | D:3      | Found Ottel's Book Emporium.
  1713 | D:2      | Remembered your ancestor Yayatum as a battlemage
  1741 | D:2      | Reached XP level 4. HP: 30/31 MP: 4/4
  1806 | D:3      | Reached skill level 4 in Long Blades
  1923 | D:3      | Noticed Ijyb
  1930 | D:3      | Killed Ijyb
  2120 | D:3      | Gained mutation: You sometimes gain power by taking damage.
                  | [demonic ancestry]
  2120 | D:3      | Reached XP level 5. HP: 24/36 MP: 5/5
  2247 | D:3      | Reached skill level 5 in Long Blades
  2653 | D:4      | You fall into a shaft and drop 3 floors!
  2661 | D:7      | Noticed a troll
  2732 | D:5      | Entered Level 5 of the Dungeon
  2735 | D:5      | Noticed a centaur
  2742 | D:5      | Killed a centaur
  2743 | D:5      | Reached XP level 6. HP: 36/42 MP: 6/6
  2782 | D:5      | Reached *** piety under Hepliaklqana
  2816 | D:5      | Found a sacrificial altar of Ru.
  2836 | D:5      | Reached skill level 6 in Long Blades
  3158 | D:5      | Noticed a yak
  3158 | D:5      | Noticed a yak
  3159 | D:5      | Noticed a yak
  3171 | D:4      | Noticed Sigmund
  3179 | D:4      | Killed Sigmund
  3180 | D:4      | Reached skill level 7 in Long Blades
  3180 | D:4      | Reached XP level 7. HP: 42/46 MP: 7/7
  3271 | D:4      | Noticed Natasha
  3276 | D:4      | Killed Natasha
  3297 | D:4      | Found a burning altar of Makhleb.
  3401 | D:4      | Noticed Robin
  3408 | D:4      | Killed Robin
  3431 | D:4      | Noticed Grinder
  3432 | D:4      | Found a staircase to the Ecumenical Temple.
  3438 | D:4      | Killed Grinder
  3439 | D:4      | Reached skill level 8 in Long Blades
  3589 | D:4      | Noticed Natasha
  3600 | D:4      | Reached XP level 8. HP: 52/52 MP: 8/8
  3604 | D:4      | Killed Natasha
  3703 | D:4      | Reached skill level 9 in Long Blades
  4347 | D:4      | Noticed Natasha
  4356 | D:4      | Killed Natasha
  4383 | D:5      | Reached skill level 10 in Long Blades
  4577 | D:5      | Found a bloodstained altar of Trog.
  5201 | D:6      | Slain by a yak

Illustrated notes

Levels and vault maps discovered:
D:1:      giann_horns, layout_basic, dreamdust_ecumenical_altar_drowned_temple
D:2:      layout_basic
D:3:      layout_loops_ring, serial_shops, shop, glass_columns_b, uniq_ijyb
D:4:      wander_river, layout_rooms, makhleb_heckhound_becter,
          minmay_temple_entry_hall, minmay_ogre_servants, uniq_grinder,
          uniq_robin, uniq_sigmund, uniq_natasha
D:5:      layout_basic, nicolae_ru_sacrificial_ziggurat, lemuel_doored_altar,
          lemuel_old_faithful
D:6:      old_forge, layout_basic, nicolae_tso_swordbearing_angel,
          hellmonk_ghost_happy_afterlife, serial_shops, nicolae_shop_crystal,
          uniq_edmund
D:7:      layout_basic, serial_rivers, chequers_serial_rivers_large_b,
          chequers_serial_rivers_marsh, chequers_serial_rivers_large_a,
          chequers_serial_rivers_room_b, serial_shops,
          nicolae_shop_temple_entry_statues_fountains,
          corexii_hall_statues_deadend, uniq_menkaure

Skill      XL: |  1  2  3  4  5  6  7  8 |
---------------+-------------------------+-----
Long Blades    | 2 3 4 5 7 8 10 | 10.3
Shields        | 3 |  3.7
Armour         | 3 |  3.1
Fighting       | |  3.0

Action                   |  1- 3 |  4- 6 |  7- 9 || total
-------------------------+-------+-------+-------++-------
Melee: Long sword        |    81 |    67 |   105 ||   253
Invok: Recall Ancestor   |     1 |     1 |       ||     2
       Ancestor Life: Ba |     1 |       |       ||     1
       Ancestor Identity |     1 |       |       ||     1
  Use: Scroll            |       |     3 |       ||     3
Armor: Scale mail        |    39 |    31 |    45 ||   115
       Plate armour      |       |       |    10 ||    10
Dodge: Dodged            |    40 |    18 |    19 ||    77
Block: Kite shield       |    47 |    39 |    47 ||   133
       Rpst.: Long sword |    12 |     3 |     3 ||    18
